 Dungeon Crawl Stone Soup version 0.16.2-2-g470672f (webtiles) character file.

74 Kineas the Chucker (level 4, 0/37 HPs)
             Began as a Minotaur Hunter on Aug 29, 2015.
             Slain by an orc wizard
             ... wielding a +0 dagger
              (3 damage)
             ... on level 3 of the Dungeon.
             The game lasted 01:36:12 (2402 turns).

Kineas the Chucker (Minotaur Hunter)                Turns: 2402, Time: 01:36:12

Health: 0/37       AC:  8    Str: 17    XL:     4   Next: 10%
Magic:  2/2        EV: 11    Int:  9    God:
Gold:   90         SH:  0    Dex: 10    Spells: 0 memorised, 3 levels left

rFire  . . .     SeeInvis .     a - +0 short sword
rCold  . . .     Clarity  .     C - +0 ring mail
rNeg   . . .     SustAb   .     (no shield)
rPois  .         Gourm    .     (helmet restricted)
rElec  .         Spirit   .     (no cloak)
rCorr  .         Warding  .     i - +2 pair of gloves
rMut   .         Stasis   .     (no boots)
MR     .....                    (no amulet)
Stlth  ..........               (no ring)
                                (no ring)

@: confused, not resistant to hostile enchantments, extremely unstealthy
A: retaliatory headbutt, horns 2
a: no special abilities


You were on level 3 of the Dungeon.
You were not hungry.

You visited 1 branch of the dungeon, and saw 3 of its levels.

You collected 90 gold pieces.

Inventory:

Hand weapons
 a - a +0 short sword (weapon)
 f - a +2 war axe of freezing
 g - a +0 spear
 h - a +0 dagger
 k - a +0 short sword
 l - a +0 whip
 o - a +0 club
 r - a +0 club
 v - a +0 dagger
 w - a +0 hunting sling
 y - a +3 trident of freezing
Missiles
 c - 2 throwing nets (quivered)
 m - 21 stones
 q - 35 arrows
 t - 42 sling bullets
Armour
 d - a +0 leather armour
 i - a +2 pair of gloves (worn)
 j - a +0 leather armour
 B - a +0 pair of gloves
 C - a +0 ring mail (worn)
Jewellery
 e - a cursed -3 ring of evasion {unknown}
Magical devices
 E - a wand of random effects (23)
Scrolls
 n - 4 scrolls of identify {unknown}
 p - a scroll of random uselessness {unknown}
 s - a scroll of remove curse {unknown}
 u - a scroll of magic mapping {unknown}
Potions
 z - a potion of magic {unknown}
 A - a potion of mutation {unknown}
 D - a potion of curing {unknown}
Comestibles
 x - 6 meat rations


   Skills:
 + Level 2.8 Fighting
 + Level 1.0 Short Blades
 - Level 0.5 Polearms
 + Level 4.9 Throwing
 + Level 2.9 Dodging
 + Level 1.0 Stealth


You had 3 spell levels left.
You didn't know any spells.

Dungeon Overview and Level Annotations

Branches:
Dungeon (3/15)

Altars:
Elyvilon
Ru
The Shining One

Annotations:
D:1 !


Innate Abilities, Weirdness & Mutations

You reflexively headbutt those who attack you in melee.
You have a pair of horns on your head.


Message History

You barely miss the orc wizard.
The orc wizard is lightly wounded.
The orc wizard barely misses you.
The giant gecko bites you but does no damage.
The orc wizard hits you but does no damage.
The orc hits you with a club.
* * * LOW HITPOINT WARNING * * *
You bump into the rock wall.
The giant gecko bites you but does no damage.
The orc wizard hits you but does no damage.
The orc wizard completely misses you. The orc hits you but does no damage.
You bump into the rock wall.
The giant gecko barely misses you. The orc wizard casts a spell at you.
You are more confused.
The orc wizard barely misses you. The orc hits you but does no damage.
You hit the orc wizard but do no damage.
The orc wizard is lightly wounded.
The giant gecko bites you but does no damage.
The orc wizard barely misses you. The orc wizard hits you with a dagger.
You die...

..( (( #### .( ##..#### #
#.## ##......## ..# #..#
#..⌠.....## #.# #..#
#....P≈P..# #.###.)#
##.....≈P..#
#....(o###...#..P...# ######
#.....o@#...##'.....# #....#
#.....#ol..##_##...##
###.##.###.......##..###....#
..#.#..#...##....##...#).#..#
#...#.##.#.##.....#.....##.##
...##)##.#.####......#####.#
#........#.#.....†#### #.#
....#.##.....###..## #.#
......##..##.#.....# #.#


You could see 2 orc wizards, an orc and a giant gecko.

Vanquished Creatures
  2 adders (D:2)
  2 worms (D:2)
  A giant gecko (D:3)
  2 orcs (D:3)
  2 giant cockroaches
  6 hobgoblins
  3 jackals (D:2)
  9 kobolds
  A ball python (D:1)
  4 bats
  4 giant newts
  5 goblins
  5 rats
46 creatures vanquished.

Notes
Turn   | Place    | Note
--------------------------------------------------------------
     0 | D:1      | Kineas, the Minotaur Hunter, began the quest for the Orb.
     0 | D:1      | Reached XP level 1. HP: 18/18 MP: 1/1
   645 | D:1      | Reached XP level 2. HP: 25/25 MP: 1/1
  1191 | D:2      | Reached XP level 3. HP: 14/30 MP: 2/2
  1626 | D:2      | Found a sacrificial altar of Ru.
  1855 | D:2      | Found a white marble altar of Elyvilon.
  2198 | D:3      | Reached XP level 4. HP: 37/37 MP: 2/2
  2281 | D:3      | Reached skill level 1 in Short Blades
  2313 | D:3      | Found a glowing golden altar of the Shining One.
  2373 | D:3      | Reached skill level 1 in Stealth
  2402 | D:3      | Slain by an orc wizard

Action                   |  1- 3 |  4- 6 || total
-------------------------+-------+-------++-------
Melee: Short sword       |    58 |    26 ||    84
       Spear             |    11 |       ||    11
Throw: Javelin           |    37 |     8 ||    45
  Eat: Bread ration      |     1 |       ||     1
